Map: Moonlight Madness LE (Void)

Players

SticklerMac - Winner!

  • Race: Terran Terran
  • League: Bronze

Fichorka

  • Race: Zerg Zerg
  • League: Bronze

VOD

Have the link to the VOD?

Description

Time

  • Played on: July 28, 2015, 1:02 p.m.
  • Length: 15:57
Show
View Real Time Build Order
Export as new Build Order

SticklerMac Terran - Winner!

Build Orders:  

Get SALT Encoding   

  12  0:01  SCV  
  13  0:13  SCV  
  14  0:24  Supply Depot  
  14  0:25  SCV  
  15  0:33  Refinery  
  15  0:46  SCV  
  15  0:49  Barracks  
  16  0:58  SCV  
  17  1:05  Supply Depot  
  17  1:13  Supply Depot  
  17  1:14  SCV  
  18  1:26  SCV  
  18  1:31  Barracks  
  19  1:42  SCV  
  20  1:50  Barracks  
  20  1:51  Barracks Tech Lab  
  20  1:56  SCV  
  21  2:07  Factory  
  21  2:16  Orbital Command  
  21  2:20  Marine  
  22  2:24  Barracks Reactor  
  22  2:37  Barracks Reactor  
  22  2:46  Supply Depot  
  21  2:54  Marine  
  21  3:08  Supply Depot  
  21  3:10  Supply Depot  
  21  3:11  Barracks  
  21  3:15  SCV  
  22  3:22  Marine x2  
  22  3:23  Marine  
  22  3:25  Marine  
  26  3:27  Marine  
  27  3:46  Marauder  
  29  3:48  Starport  
  29  4:00  Barracks Reactor  
  29  4:16  Marine  
  29  4:17  Marine x3  
  34  4:26  Marauder  
  34  4:31  Starport Reactor  
  35  4:39  SCV, Refinery  
  35  4:43  Marine x2  
  35  4:44  Marine x2  
  40  4:47  Marine  
  40  4:50  Marine  
  40  4:51  SCV  
  43  4:56  Marauder  
  45  5:03  SCV, Marine  
  45  5:06  Marine  
  48  5:08  Marine x2  
  48  5:10  Marine  
  48  5:12  Marine  
  52  5:16  Medivac  
  54  5:24  Marauder  
  54  5:26  Marine x2  
  54  5:27  Marine  
  54  5:28  Marine  
  60  5:34  Medivac  
  62  5:36  Marine  
  63  6:04  Supply Depot  
  63  6:11  Supply Depot  
  63  6:26  Marauder, Medivac, Marine x4  
  71  6:32  Marine  
  71  6:39  Marine  
  72  6:43  Marine x4  
  77  6:47  Marine  
  77  6:50  Marine  
  79  7:39  Supply Depot  
  79  7:40  Supply Depot  
  79  7:45  Supply Depot  
  79  8:00  Marine  
  79  8:01  Medivac x2  
  79  8:03  Supply Depot  
  79  8:04  Supply Depot  
  79  8:17  Marine x3  
  79  8:18  Marine x4  
  86  8:28  Supply Depot  
  86  8:35  Marine x3  
  89  8:41  Marauder  
  89  8:48  Marine x2  
  91  8:49  Marine  
  94  8:57  Medivac  
  96  9:03  Marauder  
  96  9:06  Medivac  
  101  9:24  SCV  
  101  9:36  SCV  
  102  9:40  Medivac  
  102  9:41  Marine, Medivac  
  102  9:42  Marine x4  
  102  9:43  Marine  
  112  9:48  SCV, Marine  
  114  9:59  Marine x2  
  115  10:00  SCV, Marine  
  118  10:12  SCV  
  119  10:42  Stimpack  
  119  10:44  Marine x4  
  119  10:45  Marine x3  
  125  10:55  Supply Depot  
  98  11:39  Orbital Command  
  79  12:54  Marine x5  
  84  13:12  Marine x5  
  86  13:29  Marine  
  86  13:30  Marine x4  
  88  13:47  Marine  
  88  13:48  Marine x4  
  87  14:05  Marine  
  87  14:06  Marine x4  
  74  14:23  Marine x3  
  74  14:24  Marine x2  
  73  14:41  Marine x5  
  76  14:59  Marine x5  
  80  15:00  Barracks  
  80  15:02  Barracks x2  
  80  15:03  Barracks  
  80  15:16  Marine  
  80  15:17  Marine x4  
  85  15:25  Starport Tech Lab  
  85  15:34  Marine  
  85  15:35  Marine x4  
Show
View Real Time Build Order
Export as new Build Order

Fichorka Zerg 

Build Orders: Pool First 

Get SALT Encoding   

  12  0:01  Drone  
  13  0:11  Drone  
  14  0:27  Spawning Pool  
  13  0:35  Overlord  
  13  0:38  Drone  
  14  0:53  Drone  
  14  0:54  Drone  
  16  0:57  Drone  
  17  1:08  Drone  
  18  1:13  Extractor  
  17  1:21  Drone  
  18  1:27  Hatchery  
  18  1:30  Queen  
  19  1:43  Zergling x2  
  19  1:45  Drone  
  21  1:54  Drone  
  22  2:01  Overlord  
  22  2:19  Queen  
  22  2:21  Zergling x2  
  25  2:23  Drone  
  26  3:11  Queen  
  26  3:12  Queen  
  30  3:14  Overlord x2  
  31  3:27  Drone x6  
  31  3:32  Metabolic Boost  
  37  3:34  Zergling x2  
  37  3:45  Overlord  
  37  3:46  Drone x5  
  37  3:48  Zergling x2  
  43  4:01  Drone x3, Zergling x4  
  48  4:05  Drone  
  48  4:06  Drone  
  50  4:16  Overlord  
  50  4:17  Zergling x4  
  50  4:18  Zergling x4  
  50  4:20  Zergling x2  
  55  4:31  Drone x2, Zergling x6  
  60  4:46  Drone, Zergling x2  
  60  4:47  Drone  
  60  4:50  Roach Warren  
  62  4:58  Lair  
  62  5:07  Drone x2  
  62  5:08  Drone  
  62  5:11  Extractor  
  62  5:13  Extractor  
  63  5:28  Drone x5  
  67  5:29  Overlord x2  
  67  5:30  Overlord  
  67  5:32  Hatchery  
  67  5:56  Roach  
  67  5:57  Roach x7  
  77  5:59  Extractor  
  82  6:13  Overseer  
  82  6:16  Overseer  
  82  6:19  Queen  
  84  6:28  Drone x2  
  84  6:29  Drone  
  87  6:35  Roach x2  
  87  6:36  Overlord  
  87  6:39  Spire  
  90  7:09  Drone x3  
  93  7:23  Drone  
  94  7:30  Baneling Nest  
  94  7:33  Evolution Chamber x2  
  94  7:34  Drone  
  94  7:35  Drone x3  
  95  7:38  Drone x2  
  96  8:17  Overlord x4  
  96  8:26  Zerg Ground Armor Level 1, Zerg Melee Weapons Level 1  
  96  8:31  Drone  
  96  8:33  Overlord x2  
  97  8:48  Zergling x8  
  101  8:50  Mutalisk x13  
  101  8:54  Zergling x14  
  101  8:55  Zergling x6  
  137  9:00  Drone x3  
  140  9:18  Drone x4  
  140  9:19  Drone  
  140  9:20  Overlord  
  145  9:27  Zerg Flyer Armor Level 1  
  145  10:18  Baneling x9  
  145  10:19  Baneling x9  
  145  10:20  Baneling  
  94  11:18  Zerg Ground Armor Level 2, Zerg Melee Weapons Level 2  
  78  11:20  Infestation Pit  
  78  11:22  Zergling x2  
  78  11:23  Roach x5, Zergling x14  
  78  11:24  Zergling x16  
  99  11:33  Extractor  
  99  11:34  Extractor  
  99  11:37  Mutalisk x3  
  101  11:55  Baneling x4  
  101  11:56  Baneling  
  101  11:57  Roach x3  
  101  11:58  Roach x4  
  115  12:04  Hive  
  108  12:15  Roach x5, Zergling x12  
  101  12:26  Zergling x2  
  101  12:27  Roach, Zergling x2  
  97  12:33  Zergling x2  
  87  12:41  Roach, Zergling x2  
  82  12:48  Spine Crawler x3  
  82  12:49  Zergling x2  
  82  12:50  Roach, Zergling x2  
  71  12:53  Spine Crawler  
  68  12:58  Roach, Zergling x2  
  68  13:03  Spore Crawler  
  67  13:06  Spore Crawler  
  66  13:19  Spine Crawler  
  58  13:20  Spine Crawler, Zergling x4  
  58  13:21  Spine Crawler x2  
  58  13:23  Zergling x2  
  58  13:24  Roach  
  46  13:41  Roach x2, Zergling x6  
  46  13:43  Roach, Zergling x2  
  46  13:44  Roach, Zergling x4  
  55  13:50  Zergling x2  
  55  13:52  Zergling x2  
  57  14:00  Zergling x2  
  55  14:05  Zergling x2  
  49  14:14  Roach, Zergling x2  
  47  14:18  Ultralisk Cavern  
  47  14:23  Roach, Zergling x2  
  41  14:42  Roach, Zergling x4  
  41  14:43  Roach, Zergling x2  
  47  14:51  Roach x3  
  51  14:55  Roach  
  51  15:06  Roach  
  52  15:16  Mutalisk  
  50  15:25  Spawning Pool  
Tags
 
Add a new tag
Caveats
  • Supply blocks, unpowered buildings, or Contaminate may cause inaccurate times.
  • Supply counts are checked every 10 seconds.